 Dungeon Crawl Stone Soup version 0.29-a0-72-g1732ff48e7 (webtiles) character file.

Game seed: 11915440652312959076

555637 dolemite99 the Envoy of Void (level 26, -7/213 HPs)
             Began as a Gnoll Abyssal Knight on Feb 2, 2022.
             Was a High Priest of Lugonu.
             Mangled by a reaper (11 damage)
             ... created by a Zot trap
             ... on level 5 of the Realm of Zot on Feb 4, 2022.
             The game lasted 03:46:16 (121728 turns).

dolemite99 the Envoy of Void (GnAK)               Turns: 121728, Time: 03:46:16

Health: -7/213     AC: 39    Str: 30    XL:     26   Next: 46%
Magic:  1/44       EV: 13    Int: 13    God:    Lugonu [*****.]
Gold:   1963       SH: 15    Dex: 10    Spells: 4/60 levels left

rFire   + + +      SeeInvis +   a - +8 demon blade of Kuukeom {flame, rC++ Str+6 Int-2}
rCold   + + +      Faith    .   j - +2 kite shield {rC+}
rNeg    + + .      Spirit   .   H - +7 plate armour {rN+}
rPois   +          Reflect  .   T - -2 hat of the Alchemist {rElec rPois rF+ rC+ rN+ Will+ rMut rCorr}
rElec   +          Harm     .   Z - +2 cloak of Iczer {rF+}
rCorr   +          Rampage  ∞   N - +2 pair of gloves {Str+3}
rMut    +                       C - +3 pair of seven-league boots {Rampage+∞}
Will    ++...                   A - amulet of regeneration
Stlth   ++........              t - ring "Doyneplu" {AC+4 Str+3, =R}
HPRegen 0.00/turn               m - ring of see invisible
MPRegen 0.29/turn

@: mighty, about to teleport, resistant, inhibited regen, unable to read
A: fangs 1, strong nose, distributed training, clumsy 1, dopey 1, sense
surroundings 1, screaming 2, inhibited regeneration, inability to read while
threatened, MP-powered wands
}: 3/15 runes: serpentine, barnacled, silver
a: Renounce Religion, Depart the Abyss, Bend Space, Banish, Corrupt, Enter the
Abyss


You were on level 5 of the Realm of Zot.
You worshipped Lugonu.
Lugonu was extremely pleased with you.
You visited 10 branches of the dungeon, and saw 51 of its levels.
You visited the Abyss 1 time.

You collected 8582 gold pieces.
You spent 6619 gold pieces at shops.

Inventory:

Hand Weapons
 a - the +8 demon blade of Kuukeom (weapon) {flame, rC++ Str+6 Int-2}
   (You acquired it on level 6 of the Dungeon)

   It burns those it strikes, dealing additional fire damage.
   Big, fiery blades are also staple armaments of hydra-hunters.
   Str:       It affects your strength (+6).
   Int:       It affects your intelligence (-2).
   rC:        It greatly protects you from cold.
 b - a +9 fustibalus
 k - a +9 scimitar of holy wrath
Missiles
 o - 14 javelins (quivered)
 E - 60 sling bullets
 K - 8 silver javelins
 U - 12 throwing nets
Armour
 e - a scarf of resistance
 j - a +2 kite shield of cold resistance (worn)
 C - the +3 pair of seven-league boots (worn) {Rampage+∞}
   (You found it on level 3 of the Elven Halls)

   Its wearer moves as far as possible in that direction when moving towards
   enemies.
 H - a +7 plate armour of positive energy (worn)
 N - a +2 pair of gloves of strength (worn)
 T - the -2 hat of the Alchemist (worn) {rElec rPois rF+ rC+ rN+ Will+ rMut rCorr}
   (You bought it in a shop on level 1 of the Snake Pit)

   rF:        It protects you from fire.
   rC:        It protects you from cold.
   rElec:     It insulates you from electricity.
   rPois:     It protects you from poison.
   rN:        It protects you from negative energy.
   rCorr:     It protects you from acid and corrosion.
   rMut:      It protects you from mutation.
   Will:      It increases your willpower.
 Z - the +2 cloak of Iczer (worn) {rF+}
   (You bought it in a shop on level 1 of the Depths)

   rF:        It protects you from fire.
Jewellery
 f - the ring "Bodacwua" {Wiz Will+}
   (You found it on level 3 of the Elven Halls)

   [ring of wizardry]

   It improves your spell success rate.
   Will:      It increases your willpower.
 m - a ring of see invisible (right hand)
 t - the ring "Doyneplu" (left hand) {AC+4 Str+3, =R}
   (You bought it in a shop on level 2 of the Orcish Mines)

   [ring of protection]

   AC:        It affects your AC (+4).
   Str:       It affects your strength (+3).
 y - the ring of the Princess {rPois rN+ Int+7 Stlth-}
   (You found it on level 3 of the Crypt)

   [ring of positive energy]

   Int:       It affects your intelligence (+7).
   rPois:     It protects you from poison.
   rN:        It protects you from negative energy.
   Stlth:     It makes you less stealthy.
 A - an amulet of regeneration (around neck)
Wands
 x - a wand of polymorph (8)
 Q - a wand of charming (3)
 V - a wand of paralysis (5)
 W - a wand of digging (3)
 X - a wand of mindburst (1)
Scrolls
 l - 5 scrolls of vulnerability
 v - 3 scrolls of amnesia
 w - 2 scrolls of blinking
 I - 4 scrolls of enchant weapon
 J - 8 scrolls of teleportation
 L - 31 scrolls of identify {@r1}
 M - 4 scrolls of fear
 P - 3 scrolls of fog
 Y - 2 scrolls of silence
Potions
 h - 11 potions of brilliance
 q - 6 potions of might
 r - 3 potions of resistance
 s - 3 potions of berserk rage
 u - 7 potions of cancellation
 z - 10 potions of mutation
 B - 3 potions of ambrosia
 F - 2 potions of flight
 O - 5 potions of curing
 S - a potion of magic
Miscellaneous
 c - a phantom mirror (inert)
 n - a condenser vane (inert)
 p - a tin of tremorstones (inert)
 D - a phial of floods
 G - a lightning rod (4/4)
 R - a box of beasts (inert)


   Skills:
 + Level 18.6 Fighting
 + Level 17.5 Short Blades
 + Level 18.1 Long Blades
 + Level 17.5 Axes
 + Level 17.5 Maces & Flails
 + Level 17.5 Polearms
 + Level 17.5 Staves
 + Level 17.5 Slings
 + Level 17.5 Bows
 + Level 17.5 Crossbows
 + Level 17.5 Throwing
 + Level 18.1 Armour
 + Level 17.7 Dodging
 + Level 17.5 Stealth
 + Level 17.5 Shields
 + Level 17.5 Unarmed Combat
 + Level 17.5 Spellcasting
 + Level 14.9 Conjurations
 + Level 14.9 Hexes
 + Level 14.9 Summonings
 + Level 14.9 Necromancy
 + Level 14.9 Translocations
 + Level 14.9 Transmutations
 + Level 14.9 Fire Magic
 + Level 14.9 Ice Magic
 + Level 14.9 Air Magic
 + Level 14.9 Earth Magic
 + Level 14.9 Poison Magic
 + Level 19.5 Invocations
 + Level 17.5 Evocations


You had 4 spell levels left.
You knew the following spells:

 Your Spells              Type           Power      Damage    Failure   Level
a - Summon Lightning Spi  Summ/Air       50%        N/A       1%          4
b - Borgnjor's Vile Clut  Necr/Erth      25%        N/A       2%          5
c - Summon Mana Viper     Hex/Summ       50%        N/A       2%          5
d - Animate Armour        Summ/Erth      100%       N/A       1%          4
e - Summon Forest         Summ/Tloc      25%        N/A       2%          5
f - Olgreb's Toxic Radia  Pois           50%        N/A       1%          4
g - Apportation           Tloc           100%       N/A       1%          1
h - Passwall              Tmut/Erth      41%        N/A       1%          2
i - Cause Fear            Hex            25%        N/A       1%          4
j - Passage of Golubria   Tloc           50%        N/A       1%          4
k - Swiftness             Air            50%        N/A       1%          3
l - Sublimation of Blood  Necr           50%        N/A       1%          2
m - Conjure Flame         Conj/Fire      50%        6-21      1%          3
n - Mephitic Cloud        Conj/Pois/Air  50%        N/A       1%          3
o - Animate Dead          Necr           25%        N/A       1%          4
p - Frozen Ramparts       Ice            100%       1d12      1%          3

Your spell library contained the following spells:

 Spells                   Type           Power      Damage    Failure   Level
 Animate Skeleton         Necr           100%       N/A       1%          1
 Beastly Appendage        Tmut           100%       N/A       1%          1
 Foxfire                  Conj/Fire      100%       2x1d9     1%          1
 Freeze                   Ice            100%       1d11      1%          1
 Pain                     Necr           100%       1d9       1%          1
 Sandblast                Erth           100%       2d20      1%          1
 Shock                    Conj/Air       100%       1d9       1%          1
 Sting                    Tmut/Pois      100%       1d8       1%          1
 Summon Small Mammal      Summ           100%       N/A       1%          1
 Call Imp                 Summ           50%        N/A       1%          2
 Ensorcelled Hibernation  Hex/Ice        100%       N/A       1%          2
 Poisonous Vapours        Pois/Air       100%       N/A       1%          2
 Static Discharge         Conj/Air       50%        N/A       1%          2
 Wereblood                Tmut           50%        N/A       1%          2
 Call Canine Familiar     Summ           50%        N/A       1%          3
 Confusing Touch          Hex            50%        N/A       1%          3
 Dazzling Flash           Conj/Hex       100%       N/A       1%          3
 Gell's Gravitas          Tloc           50%        N/A       1%          3
 Ignite Poison            Fire/Tmut/Pois 50%        N/A       1%          3
 Inner Flame              Hex/Fire       50%        N/A       1%          3
 Ozocubu's Armour         Ice            50%        N/A       1%          3
 Portal Projectile        Hex/Tloc       100%       N/A       1%          3
 Spider Form              Tmut/Pois      50%        N/A       1%          3
 Summon Guardian Golem    Hex/Summ       50%        N/A       1%          3
 Teleport Other           Tloc           50%        N/A       1%          3
 Airstrike                Air            25%        N/A       1%          4
 Dispel Undead            Necr           50%        3d19      1%          4
 Hailstorm                Conj/Ice       50%        3d11      1%          4
 Ice Form                 Ice/Tmut       50%        N/A       1%          4
 Petrify                  Tmut/Erth      50%        N/A       1%          4
 Sticky Flame             Conj/Fire      50%        2d7       1%          4
 Summon Ice Beast         Ice/Summ       50%        N/A       1%          4
 Agony                    Necr           50%        N/A       2%          5
 Blade Hands              Tmut           25%        N/A       2%          5
 Excruciating Wounds      Necr           25%        N/A       2%          5
 Fireball                 Conj/Fire      25%        3d11      2%          5
 Freezing Cloud           Conj/Ice/Air   25%        6-21      2%          5
 Iskenderun's Battlesphe  Conj           50%        2d10      2%          5
 Lightning Bolt           Conj/Air       25%        1d41      2%          5
 Metabolic Englaciation   Hex/Ice        25%        N/A       2%          5
 Silence                  Hex/Air        25%        N/A       2%          5
 Yara's Violent Unravell  Hex/Tmut       25%        3d11      2%          5
 Dispersal                Tloc           25%        N/A       12%         6
 Eringya's Noxious Bog    Tmut/Pois      25%        N/A       12%         6
 Iron Shot                Conj/Erth      25%        9d5       12%         6
 Simulacrum               Ice/Necr       25%        N/A       12%         6
 Starburst                Conj/Fire      25%        6d8       12%         6
 Statue Form              Tmut/Erth      33%        N/A       12%         6
 Dragon Form              Tmut           25%        N/A       54%         7
 Enfeeble                 Hex            25%        N/A       54%         7
 Haunt                    Necr/Summ      25%        N/A       54%         7
 Monstrous Menagerie      Summ           25%        N/A       54%         7
 Orb of Destruction       Conj           25%        9d9       54%         7
 Ozocubu's Refrigeration  Ice            25%        4d10      54%         7
 Spellforged Servitor     Conj/Summ      25%        N/A       54%         7
 Summon Hydra             Summ           25%        N/A       54%         7
 Borgnjor's Revivificati  Necr           25%        N/A       99%         8
 Ignition                 Fire           25%        3d8       99%         8
 Infestation              Necr           25%        N/A       99%         8
 Lehudib's Crystal Spear  Conj/Erth      25%        10d7      99%         8
 Maxwell's Capacitive Co  Air            25%        ∞         99%         8
 Necromutation            Tmut/Necr      25%        N/A       99%         8
 Summon Horrible Things   Summ           25%        N/A       99%         8
 Death's Door             Necr           25%        N/A       100%        9
 Dragon's Call            Summ           25%        N/A       100%        9
 Polar Vortex             Ice            25%        N/A       100%        9


Dungeon Overview and Level Annotations

Branches:
Dungeon (15/15)            Temple (0/1) D:7            Lair (6/6) D:8
 Shoals (4/4) Lair:3        Snake (4/4) Lair:2        Slime (0/5) Lair:5
    Orc (2/2) D:9             Elf (3/3) Orc:2        Vaults (5/5) D:13
  Crypt (3/3) Vaults:3       Tomb (0/3) Crypt:3      Depths (4/4) D:15
    Zot (5/5) Depths:4

Altars:
Cheibriados
Gozag
Hepliaklqana
Nemelex Xobeh
Okawaru
Qazlal
Sif Muna
Trog
Xom
Zin
Beogh

Shops:
D:4 [   D:8 (   D:11 *   Orc:2 =***   Elf:1 (   Elf:2 [   Shoals:2 :**(
Snake:1 [*?=*   Depths:1 *:([:

Portals:
Hell: Depths:1 Depths:2 Depths:3 Depths:4
Abyss: Lair:2 Depths:3 Depths:4
Pandemonium: Depths:1 Depths:2
Ziggurat: Depths:2
Trove: Elf:3 (give 2 scrolls of acquirement)

Annotations:
D:9 corrupted
D:10 2 transporters, lonewolfV2's ghost, novice MiFi
D:12 Zin dig gold grate
D:13 corrupted
D:14 1 runed translucent door, Harvester's ghost, journeyman VSFi; Roxanne
Lair:5 1 runed translucent door, murtidash's ghost, journeyman DjCA
Lair:6 corrupted
Shoals:3 corrupted
Shoals:4 corrupted
Snake:2 1 runed translucent door, Pin's ghost, adept HOFi
Snake:4 corrupted
Orc:1 2 transporters, Riale's ghost, adept MiFE
Orc:2 corrupted
Elf:2 2 runed translucent doors
Elf:3 corrupted
Vaults:1 corrupted
Vaults:2 corrupted
Vaults:3 corrupted
Vaults:4 corrupted
Crypt:1 corrupted
Crypt:3 corrupted
Depths:3 corrupted
Depths:4 corrupted, 1 runed translucent door
Zot:3 corrupted
Zot:5 corrupted
Abyss:1 Urug; Vashnia


Innate Abilities, Weirdness & Mutations

You have very sharp teeth.
Your uncanny sense of smell can sniff out nearby items.
Your experience applies equally to all skills.
You are clumsy. (Dex -2)
You are dopey. (Int -2)
You passively map a small area around you.
You frequently scream uncontrollably at your foes.
You do not regenerate when monsters are visible.
You sometimes lose the ability to read scrolls when taking damage.
You expend magic power (3 MP) to strengthen your wands.


Message History

The storm dragon claws you.
* * * LOW HITPOINT WARNING * * *
You block the storm dragon's attack.
You slice the storm dragon!! You burn the storm dragon!
The storm dragon is severely wounded.
The zombie hands constrict the storm dragon.
The ghost moth stares at you.
You feel your power leaking away.
Do you really want to walk into the Zot trap? (Confirm with "yes".)
You enter the Zot trap.
The power of Zot is invoked against you!
You sense a hostile presence.
You screech at the reaper!
A reaper comes into view. It is wielding a +2 scythe of freezing.
You can read scrolls again.
The zombie hands constrict the storm dragon.
You hear a roar! x2
The storm dragon struggles to escape constriction. x2
There is a Zot trap here.
Okay, then.
Hit: a) +8 demon blade of Kuukeom {flame, rC++ Str+6 Int-2}
Press: ? - help, Dir - move target, f - you, p - ghost moth
Okay, then.
Okay, then.
Unknown command.
As you read the scroll of teleportation, it crumbles to dust.
You feel strangely unstable.
You feel the Orb delaying your translocation!
The zombie hands constrict the storm dragon!
The storm dragon breathes lightning at you.
The bolt of lightning hits the ghost moth!!!
The bolt of lightning hits you! You resist.
You feel threatened and lose the ability to read scrolls!
* * * LOW HITPOINT WARNING * * *
The bolt of lightning hits you! You resist.
* * * LOW HITPOINT WARNING * * *
The bolt of lightning hits the ghost moth!!
The bolt of lightning hits the storm dragon.
The storm dragon completely resists.
The reaper hits you from afar with a +2 scythe of freezing!
You die...

.....###..♣.#............ ,
.....÷.#XX#▓#.#..........
.......X..▓▓........).... ,
..#..#XXX#▓▓#............ ,^
.....##*#▓▓▓#.....*......,
).d.....#.▓▓......(...... ,
.....)...#▓▓♣#.2D.^......
.........## ▓.#.y........,
.#........# ▓▓##@.......♣
##.###*X### ▓###############
...^..*########...###........#
.............................#
........................######
........................#
........................#
......####...#......#####
####### ##...#......#


You could see an orb of fire, a storm dragon (catching breath, clutched), a
reaper and a ghost moth (invisible).

Vanquished Creatures
  A dread lich (Vaults:5)
  5 orbs of fire
  An ancient lich (Zot:5)
  Margery (Vaults:5)
  2 Killer Klowns (Zot:5)
  9 golden dragons
  2 curse toes
  A bone dragon (Depths:4)
  4 electric golems
  10 tentacled monstrosities
  2 liches
  An Orb Guardian (Zot:5)
  4 quicksilver dragons
  7 titans
  7 death cobs
  2 sphinxes
  10 ancient champions
  3 tengu reavers (Vaults:5)
  7 storm dragons
  3 draconian monks
  Gastronok (Lair:1)
  A revenant (Crypt:2)
  11 shadow dragons
  3 draconian knights
  6 fire giants
  3 ghost moths
  An iron dragon (Vaults:5)
  A balrug (Depths:3)
  7 frost giants
  3 deep elf sorcerers
  3 draconian scorchers (Zot:1)
  The ghost of Liluoff the Black Sun, a journeyman DsIE of Kikubaaqudgha (Shoals:3)
  8 vault wardens
  Aizul (Snake:1)
  3 reapers
  2 draconian shifters
  7 stone giants
  7 draconian stormcallers
  3 ghouls
  6 vampire knights
  A caustic shrike skeleton (Crypt:3)
  3 deep elf elementalists
  3 draconian annihilators
  2 war gargoyles (Vaults:5)
  3 deep elf demonologists
  18 ironbound preservers
  6 very ugly things
  5 ironbound thunderhulks
  12 green draconians
  An entropy weaver (Vaults:2)
  10 red draconians
  7 black draconians
  A deep elf annihilator (Elf:3)
  2 dire elephants (Vaults:2)
  A lorocyproca (Depths:1)
  8 white draconians
  8 purple draconians
  9 yellow draconians
  8 spark wasps
  2 deep elf death magi
  An eidolon (Crypt:3)
  A merfolk javelineer (Shoals:4)
  7 jiangshi
  4 ettins
  A mummy priest (Crypt:3)
  The ghost of HarryKnackers the Cleaver, a journeyman MiBe of Trog (Lair:2)
  2 merfolk impalers (Shoals:4)
  5 fire dragons
  Josephine (Shoals:1)
  10 yaktaur captains
  Erolcha (D:13)
  2 deep elf high priests
  7 hydras
  8 naga warriors
  3 rakshasas
  2 peacekeepers
  5 great orbs of eyes
  A spriggan zombie (Crypt:1)
  An alligator snapping turtle (Shoals:2)
  2 salamander tyrants
  21 vault guards
  5 boulder beetles
  5 ice dragons
  A hell beast (Depths:3)
  2 catoblepae (Vaults:4)
  6 ironbound frosthearts
  3 merfolk avatars
  2 spriggan skeletons
  8 centaur warriors
  4 death knights
  2 merfolk aquamancers
  8 two-headed ogres
  Erica (D:9)
  14 dancing weapons
  4 ogre magi
  10 anacondas
  6 tengu warriors
  3 deep troll earth magi
  4 death yaks
  4 deep troll shamans
  3 vampire magi (Crypt:2)
  11 naga sharpshooters
  An orc high priest (Orc:2)
  A spriggan berserker (Depths:4)
  The ghost of lessens the Martial Artist, a novice OpCK of Xom (D:9)
  4 hell knights (Vaults:5)
  10 deep elf knights
  A storm dragon zombie (Crypt:3)
  A soul eater (Depths:2)
  A wretched star (Lair:2)
  A shadow wraith (Crypt:3)
  36 skeletal warriors
  A fire crab (Vaults:4)
  5 iron trolls
  8 sea snakes
  5 titan skeletons
  2 salamander mystics
  A sea snake (shapeshifter) (Vaults:2)
  A spark wasp zombie (Crypt:3)
  3 glowing orange brains
  A spriggan druid (Depths:3)
  32 deep trolls
  2 bog bodies (Crypt:2)
  A bunyip skeleton (Crypt:3)
  A harpy (shapeshifter) (Vaults:3)
  10 deep elf archers
  4 flayed ghosts
  11 ironbound convokers
  4 wizards
  39 harpies
  23 deep elf zephyrmancers
  11 mana vipers
  8 naga ritualists
  7 necromancers
  An anaconda skeleton (Crypt:1)
  10 phantasmal warriors
  9 lindwurms
  A goliath frog zombie (Crypt:2)
  10 salamanders
  3 cyclopes
  10 fauns
  2 orc knights (Orc:2)
  18 deep elf pyromancers
  2 worldbinders (Vaults:4)
  7 orc sorcerers
  A fire giant zombie (Crypt:3)
  A stone giant zombie (Crypt:1)
  25 ugly things
  11 manticores
  20 moths of wrath
  7 merfolk sirens
  32 black mambas
  2 black mambas (shapeshifter)
  A naga zombie (Crypt:1)
  A moth of wrath (shapeshifter) (Vaults:5)
  16 vault sentinels
  2 water nymphs
  A guardian serpent (shapeshifter) (Elf:2)
  2 gargoyles
  3 guardian serpents
  An orange demon (Depths:2)
  2 molten gargoyles (Vaults:4)
  11 naga magi
  A frost giant skeleton (Crypt:3)
  2 naga skeletons
  A torpor snail (Lair:3)
  2 hellions (Zot:1)
  A minotaur zombie (Crypt:2)
  9 cane toads
  3 komodo dragons
  An unseen horror (D:11)
  2 human zombies
  2 rime drakes (Lair:6)
  A dire elephant skeleton (Crypt:3)
  6 freezing wraiths
  28 yaktaurs
  2 red devils
  4 tengu conjurers
  A death yak skeleton (Crypt:2)
  6 guardian mummies (Crypt:3)
  A hydra zombie (Crypt:1)
  A harpy zombie (Crypt:2)
  25 merfolk
  The ghost of SkeletonJelly the Slasher, an amateur DsMo (D:3)
  A moth of wrath zombie (Crypt:2)
  4 wind drakes
  A meliai (D:13)
  7 trolls
  2 polar bears
  A hornet (Lair:2)
  11 blink frogs
  A hydra skeleton (Crypt:2)
  43 slime creatures
  2 raiju (Lair:2)
  2 alligator zombies (Crypt:3)
  8 dream sheep
  An ettin zombie (Crypt:1)
  A stone giant simulacrum (Vaults:1)
  A harpy skeleton (Crypt:3)
  6 snapping turtles
  2 jumping spiders
  A jumping spider (shapeshifter) (D:15)
  A ynoxinul (Lair:2)
  A spriggan (Lair:2)
  A fire dragon skeleton (Crypt:3)
  18 wraiths
  7 water elementals
  A shadow (D:11)
  An air elemental (Elf:1)
  49 yaks
  2 neqoxecs
  6 wyverns
  A black mamba skeleton (Crypt:3)
  8 fire bats (D:11)
  7 fire elementals
  A golden eye (shapeshifter) (D:15)
  Grum (D:8)
  3 redbacks
  7 vampire mosquitoes
  A chaos spawn (Lair:2)
  A human (shapeshifter) (D:14)
  2 steam dragons
  9 basilisks
  40 nagas
  A naga (shapeshifter) (Elf:2)
  5 wargs
  2 acid dragons
  A hell hound (Lair:6)
  21 orc warriors
  10 water moccasins
  An ice beast (D:7)
  A necrophage (Crypt:2)
  2 black bears
  8 ogres
  2 boggarts (Vaults:4)
  6 wolves
  12 centaurs
  2 kobold brigands
  A gnoll sergeant (D:11)
  4 scorpions
  12 bullfrogs
  A wyvern zombie (D:5)
  6 earth elementals
  A human skeleton (Vaults:1)
  A wyvern skeleton (D:7)
  A cyclops skeleton (Crypt:1)
  A warg skeleton (Crypt:2)
  7 wights (Crypt:3)
  6 howler monkeys
  A nameless horror (Vaults:4)
  6 electric eels
  A wolf zombie (Crypt:3)
  2 human simulacra (Vaults:1)
  A lava snake (Vaults:4)
  2 bullfrog zombies (D:6)
  2 centaur zombies
  4 hounds
  4 jellies
  A gnoll shaman (D:7)
  16 orc priests
  2 centaur skeletons
  Terence (D:3)
  2 iguanas
  14 orc wizards
  A howler monkey zombie (D:11)
  9 gnolls
  A river rat (shapeshifter) (D:9)
  4 adders
  10 river rats (Lair:6)
  A shadow imp (D:6)
  A white imp (D:6)
  A halfling skeleton (Crypt:3)
  A worm (shapeshifter) (D:9)
  4 worms
  4 dart slugs
  53 orcs
  11 endoplasms
  3 giant cockroaches
  11 hobgoblins
  3 jackals (D:2)
  20 kobolds
  3 quokkas
  5 ball pythons
  A ball python zombie (Crypt:2)
  44 bats
  A frilled lizard (D:1)
  A frilled lizard skeleton (Crypt:2)
  6 goblins
  A goblin zombie (Crypt:2)
  A quokka skeleton (Crypt:3)
  9 rats
1658 creatures vanquished.

Vanquished Creatures (collateral kills)
  An ancient lich (Vaults:5)
  A Killer Klown (Zot:4)
  2 golden dragons
  2 tentacled monstrosities
  Jorgrun (Orc:2)
  10 Orb Guardians (Zot:5)
  A quicksilver dragon (Zot:2)
  A death cob (Zot:1)
  5 storm dragons
  A tengu reaver (Depths:2)
  4 shadow dragons
  A draconian knight (Zot:2)
  2 draconian monks
  A fenstrider witch (Depths:3)
  3 frost giants (Depths:4)
  2 draconian scorchers (Zot:1)
  3 vault wardens
  3 iron dragons
  A draconian stormcaller (Zot:3)
  A ghoul (Crypt:1)
  3 draconian annihilators
  4 stone giants
  A draconian shifter (Zot:1)
  An ironbound preserver (Vaults:4)
  5 very ugly things
  A deep elf demonologist (Vaults:5)
  An ironbound thunderhulk (Vaults:4)
  5 black draconians
  4 green draconians
  4 purple draconians
  4 red draconians
  3 yellow draconians (Zot:1)
  3 white draconians
  A dire elephant (Vaults:2)
  A fire dragon (Depths:3)
  2 ettins
  2 great orbs of eyes
  2 merfolk impalers
  3 ice dragons
  3 yaktaur captains
  A naga warrior (Snake:4)
  9 vault guards
  An anaconda (Snake:3)
  A rakshasa (Depths:3)
  A death knight (Vaults:3)
  An ironbound frostheart (Vaults:4)
  2 deep troll shamans
  A deep troll earth mage (Depths:3)
  A deep elf knight (Elf:2)
  2 iron trolls
  A hell knight (Vaults:5)
  8 skeletal warriors
  3 sea snakes
  A glowing orange brain (Depths:3)
  5 deep trolls
  A deep elf archer (Elf:3)
  An ironbound convoker (Vaults:4)
  A bog body (Crypt:1)
  2 phantasmal warriors
  3 deep elf zephyrmancers (Elf:2)
  2 naga ritualists
  3 deep elf pyromancers
  3 harpies
  2 mana vipers (Snake:3)
  A salamander (Snake:1)
  4 moths of wrath
  3 ugly things
  A water nymph (Shoals:3)
  A vault sentinel (Vaults:4)
  A rust devil (Depths:1)
  3 black mambas
  3 naga magi
  A guardian serpent (Snake:3)
  6 yaktaurs
  A tengu conjurer (Depths:1)
  An iron troll skeleton (Crypt:1)
  A hellwing (Depths:1)
  8 merfolk
  2 wind drakes
  A blink frog (Lair:2)
  A culicivora (Vaults:4)
  A golden eye (shapeshifter) (Vaults:5)
  4 nagas
  An acid dragon (D:12)
  A swamp drake (shapeshifter) (Vaults:5)
  A lava snake zombie (Crypt:2)
202 creatures vanquished.

Vanquished Creatures (others)
  A dread lich (Crypt:3)
  3 orbs of fire
  Saint Roka (Orc:2)
  2 golden dragons
  Nikola (Snake:4)
  A tentacled monstrosity (Zot:3)
  2 hellephants (Vaults:3)
  A deep elf master archer (Elf:3)
  2 deep elf blademasters (Elf:3)
  2 storm dragons
  2 death cobs
  2 ancient champions
  Donald (Orc:2)
  2 rockslimes (Lair:6)
  A fenstrider witch (Depths:3)
  A frost giant (Depths:4)
  2 nagarajas (Snake:4)
  2 vault wardens
  A fire giant (Depths:4)
  2 deep elf sorcerers (Elf:3)
  A draconian scorcher (Zot:3)
  4 deep elf elementalists
  A ghoul (Crypt:1)
  A caustic shrike skeleton (Crypt:3)
  5 ironbound preservers
  4 very ugly things (Depths:3)
  A draconian annihilator (Zot:3)
  3 green draconians
  2 stone giants (Depths:3)
  2 vampire knights (Crypt:1)
  2 eleionomae (Depths:3)
  2 black draconians (Depths:4)
  4 deep elf demonologists (Elf:3)
  An entropy weaver (Vaults:4)
  A dire elephant (Lair:6)
  A purple draconian (Zot:3)
  3 yellow draconians
  3 red draconians
  5 deep elf annihilators (Elf:3)
  5 merfolk javelineers (Shoals:4)
  2 spark wasps (Depths:4)
  7 deep elf death magi (Elf:3)
  3 jiangshi (Crypt:1)
  2 eidola (Crypt:1)
  A yaktaur captain (Vaults:2)
  2 merfolk impalers (Shoals:4)
  A rakshasa (Depths:1)
  A great orb of eyes (Lair:6)
  2 deep elf high priests (Elf:3)
  An ice dragon (Depths:3)
  A spriggan skeleton (Crypt:3)
  A naga warrior (Snake:4)
  5 salamander tyrants
  11 vault guards
  A death knight (Crypt:1)
  A merfolk avatar (Shoals:3)
  2 merfolk aquamancers (Shoals:4)
  An anaconda (Snake:4)
  A dancing weapon (Elf:3)
  A tengu warrior (D:13)
  A vampire mage (Crypt:1)
  14 hell knights (Vaults:3)
  3 orc high priests (Orc:2)
  2 naga sharpshooters (Snake:4)
  Sonja (Orc:2)
  4 deep elf knights (Elf:3)
  A shock serpent (Snake:4)
  2 titan skeletons (Crypt:3)
  A sea snake (Shoals:3)
  A spriggan druid (Depths:3)
  10 skeletal warriors
  7 deep trolls
  A quicksilver dragon simulacrum (Depths:3)
  3 naga ritualists (Snake:4)
  A glowing orange brain (Depths:4)
  A wizard (Vaults:1)
  An orc knight (Orc:2)
  2 ironbound convokers (Vaults:4)
  An iron giant skeleton (Crypt:3)
  A deep elf zephyrmancer (Elf:3)
  2 mana vipers (Snake:4)
  2 harpies
  7 ugly things
  A deep elf pyromancer (Elf:3)
  A faun (Shoals:3)
  A phantasmal warrior (Crypt:1)
  2 orc sorcerers (Orc:2)
  5 salamanders (Snake:4)
  3 manticores (Shoals:4)
  A wolf spider (Lair:6)
  A black mamba (Snake:4)
  An eleionoma skeleton (Crypt:1)
  2 moths of wrath
  A merfolk siren (Shoals:4)
  A rust devil (Depths:1)
  A vault sentinel (Vaults:2)
  A water nymph (Shoals:3)
  4 naga magi
  2 guardian serpents (Snake:4)
  An unseen horror (shapeshifter) (D:13)
  3 dire elephant skeletons (Crypt:3)
  An alligator snapping turtle skeleton (Crypt:3)
  3 yaktaurs (Vaults:4)
  A freezing wraith (Crypt:1)
  4 merfolk (Shoals:4)
  2 wind drakes
  9 polar bears (Lair:6)
  A hydra skeleton (Crypt:3)
  2 raiju (Lair:6)
  2 harpy skeletons
  11 slime creatures (D:13)
  A radroach zombie (Crypt:1)
  A snapping turtle (Shoals:3)
  An air elemental (Elf:3)
  A wyvern (Lair:6)
  5 wraiths (Crypt:1)
  A spriggan (Depths:3)
  A water elemental (Shoals:4)
  A spatial vortex (Elf:3)
  4 wargs
  5 nagas (Snake:4)
  A two-headed ogre skeleton (Crypt:3)
  14 hell hounds (Lair:6)
  An orc warrior (Orc:2)
  11 black bears (Lair:6)
  An ogre (Orc:2)
  12 wolves (Lair:6)
  6 wights (Crypt:3)
  2 orc priests (Orc:2)
  4 orc wizards
  A hell rat (Lair:6)
  A felid skeleton (Crypt:1)
  2 orcs (Orc:2)
  3 endoplasms (Lair:6)
  A hobgoblin (shapeshifter) (D:9)
  A goblin skeleton (Crypt:1)
  9 foxfires (Zot:3)
  37 fungi
  103 plants
  8 snaplasher vines
  79 starspawn tentacles
  21 tentacles (Shoals:3)
606 creatures vanquished.

Grand Total: 2466 creatures vanquished

Notes
Turn   | Place    | Note
-------+----------+-------------------------------------------
     0 | Abyss:1  | dolemite99 the Gnoll Abyssal Knight began the quest for the
                  | Orb.
     0 | Abyss:1  | Reached XP level 1. HP: 23/23 MP: 3/3
    11 | D:1      | Escaped the Abyss
   349 | D:1      | Reached XP level 2. HP: 29/29 MP: 5/5
   764 | D:1      | Reached XP level 3. HP: 32/35 MP: 6/6
   854 | D:1      | Reached ** piety under Lugonu
  1813 | D:2      | Reached skill level 1 in Short Blades
  1813 | D:2      | Reached skill level 1 in Axes
  1813 | D:2      | Reached skill level 1 in Maces & Flails
  1813 | D:2      | Reached skill level 1 in Polearms
  1813 | D:2      | Reached skill level 1 in Staves
  1813 | D:2      | Reached skill level 1 in Slings
  1813 | D:2      | Reached skill level 1 in Bows
  1813 | D:2      | Reached skill level 1 in Crossbows
  1813 | D:2      | Reached skill level 1 in Throwing
  1813 | D:2      | Reached skill level 1 in Stealth
  1813 | D:2      | Reached skill level 1 in Shields
  1813 | D:2      | Reached skill level 1 in Unarmed Combat
  1813 | D:2      | Reached skill level 1 in Spellcasting
  1813 | D:2      | Reached skill level 1 in Evocations
  1817 | D:2      | Reached XP level 4. HP: 36/41 MP: 7/7
  2477 | D:3      | Noticed a shining eye
  2479 | D:3      | Found a faded altar of an unknown god.
  2481 | D:3      | Noticed an eye of devastation
  2481 | D:3      | Noticed a shining eye
  2481 | D:3      | Noticed a shining eye
  2777 | D:3      | Reached skill level 1 in Conjurations
  2777 | D:3      | Reached skill level 1 in Hexes
  2777 | D:3      | Reached skill level 1 in Summonings
  2777 | D:3      | Reached skill level 1 in Necromancy
  2777 | D:3      | Reached skill level 1 in Translocations
  2777 | D:3      | Reached skill level 1 in Transmutations
  2777 | D:3      | Reached skill level 1 in Fire Magic
  2777 | D:3      | Reached skill level 1 in Ice Magic
  2777 | D:3      | Reached skill level 1 in Air Magic
  2777 | D:3      | Reached skill level 1 in Earth Magic
  2777 | D:3      | Reached skill level 1 in Poison Magic
  3141 | D:3      | Found a large runed translucent door.
  3141 | D:3      | Found a large runed translucent door.
  3145 | D:3      | Noticed SkeletonJelly's ghost (amateur DsMo)
  3270 | D:3      | Noticed Terence
  3820 | D:3      | Killed Terence
  3821 | D:3      | Reached XP level 5. HP: 43/47 MP: 8/8
  4193 | D:4      | Reached *** piety under Lugonu
  4395 | D:4      | Found Dyunage's Antique Armour Emporium.
  4733 | D:4      | Bought an embroidered cloak for 127 gold pieces
  4952 | D:5      | Entered Level 5 of the Dungeon
  5022 | D:5      | Reached skill level 5 in Invocations
  5022 | D:5      | Reached XP level 6. HP: 33/53 MP: 9/9
  5405 | D:5      | Reached skill level 5 in Long Blades
  5405 | D:5      | Reached skill level 5 in Armour
  6114 | D:5      | Reached XP level 7. HP: 25/59 MP: 10/10
  7028 | D:6      | Identified a scroll of acquirement
  7028 | D:6      | Acquired the +8 demon blade of Kuukeom {flame, rC++ Str+6
                  | Int-2}
  7143 | D:6      | Found a stormy altar of Qazlal.
  7246 | D:6      | Reached XP level 8. HP: 64/67 MP: 12/12
  7731 | D:7      | Reached skill level 6 in Invocations
  8196 | D:7      | Found a staircase to the Ecumenical Temple.
  8333 | D:7      | Reached **** piety under Lugonu
  8334 | D:7      | Reached XP level 9. HP: 41/72 MP: 14/14
  9048 | D:7      | HP: 3/73 [acid dragon (7)]
  9055 | D:7      | Reached skill level 5 in Dodging
  9921 | D:8      | Noticed a death yak
  9950 | D:8      | Killed a death yak
  9955 | D:8      | Noticed a death yak
  9959 | D:8      | Noticed a death yak
  9969 | D:8      | Reached skill level 7 in Invocations
  9969 | D:8      | Killed a death yak
  9970 | D:8      | Reached skill level 5 in Short Blades
  9970 | D:8      | Reached skill level 5 in Axes
  9970 | D:8      | Reached skill level 5 in Maces & Flails
  9970 | D:8      | Reached skill level 5 in Polearms
  9970 | D:8      | Reached skill level 5 in Staves
  9970 | D:8      | Reached skill level 5 in Slings
  9970 | D:8      | Reached skill level 5 in Bows
  9970 | D:8      | Reached skill level 5 in Crossbows
  9970 | D:8      | Reached skill level 5 in Throwing
  9970 | D:8      | Reached skill level 5 in Stealth
  9970 | D:8      | Reached skill level 5 in Shields
  9970 | D:8      | Reached skill level 5 in Unarmed Combat
  9970 | D:8      | Reached skill level 5 in Spellcasting
  9970 | D:8      | Reached skill level 5 in Evocations
  9970 | D:8      | Reached XP level 10. HP: 69/81 MP: 15/17
  9970 | D:8      | Killed a death yak
 10028 | D:8      | Noticed Grum
 10034 | D:8      | Killed Grum
 10155 | D:8      | Reached ***** piety under Lugonu
 10593 | D:8      | Found a staircase to the Lair.
 10743 | D:8      | Found Puiwkaq's Weapon Shop.
 11158 | D:9      | Found a runed translucent gate.
 11158 | D:9      | Found a runed translucent gate.
 11158 | D:9      | Found a runed translucent gate.
 11159 | D:9      | Noticed a white ugly thing
 11160 | D:9      | Noticed a white ugly thing
 11160 | D:9      | Noticed a white ugly thing
 11160 | D:9      | Noticed a steelbarb worm
 11161 | D:9      | Noticed a green ugly thing
 11162 | D:9      | Noticed a purple ugly thing
 11164 | D:9      | Found a staircase to the Orcish Mines.
 11291 | D:9      | Noticed a shining eye
 11292 | D:9      | a shining eye changed into a swamp worm
 11299 | D:9      | Noticed a mana viper
 11299 | D:9      | a swamp worm changed into a mana viper
 11369 | D:9      | Noticed a boulder beetle
 11370 | D:9      | Noticed a spark wasp
 11370 | D:9      | a boulder beetle changed into a spark wasp
 11473 | D:9      | Noticed a boulder beetle
 11476 | D:9      | Banished a boulder beetle
 11477 | D:9      | Reached skill level 8 in Invocations
 11477 | D:9      | Reached XP level 11. HP: 74/87 MP: 6/19
 11788 | D:9      | Noticed Erica
 11797 | D:9      | Killed Erica
 11798 | D:9      | Reached skill level 5 in Conjurations
 11798 | D:9      | Reached skill level 5 in Hexes
 11798 | D:9      | Reached skill level 5 in Summonings
 11798 | D:9      | Reached skill level 5 in Necromancy
 11798 | D:9      | Reached skill level 5 in Translocations
 11798 | D:9      | Reached skill level 5 in Transmutations
 11798 | D:9      | Reached skill level 5 in Fire Magic
 11798 | D:9      | Reached skill level 5 in Ice Magic
 11798 | D:9      | Reached skill level 5 in Air Magic
 11798 | D:9      | Reached skill level 5 in Earth Magic
 11798 | D:9      | Reached skill level 5 in Poison Magic
 12079 | D:9      | Noticed a fire crab
 12079 | D:9      | Noticed a moth of wrath
 12079 | D:9      | a fire crab changed into a moth of wrath
 12083 | D:9      | Noticed a shining eye
 12083 | D:9      | a moth of wrath changed into a shining eye
 12084 | D:9      | Noticed a lindwurm
 12084 | D:9      | a shining eye changed into a lindwurm
 12085 | D:9      | Noticed a glowing orange brain
 12085 | D:9      | a lindwurm changed into a glowing orange brain
 12087 | D:9      | Noticed a mana viper
 12087 | D:9      | a glowing orange brain changed into a mana viper
 12113 | D:10     | Entered Level 10 of the Dungeon
 12454 | D:10     | Noticed a moth of wrath
 12456 | D:10     | Noticed lonewolfV2's ghost (novice MiFi)
 12459 | D:10     | Found a bloodstained altar of Trog.
 12460 | D:10     | Noticed a deep troll
 12468 | D:10     | Found a transporter.
 12557 | D:10     | Found a transporter.
 13536 | D:11     | Found Dannam's Assorted Antiques.
 13608 | D:11     | Found a glowing silver altar of Zin.
 13608 | D:11     | Found a runed translucent door.
 13670 | D:11     | Found a hazy altar of Hepliaklqana.
 13695 | D:11     | Found an opulent altar of Gozag.
 13697 | D:11     | Found a shimmering blue altar of Sif Muna.
 13704 | D:11     | Noticed a flayed ghost
 13712 | D:11     | Killed a flayed ghost
 13729 | D:11     | Found an iron altar of Okawaru.
 13737 | D:11     | Found a snail-covered altar of Cheibriados.
 13827 | D:11     | Bought a wand of flame (9) for 25 gold pieces
 13827 | D:11     | Bought a wand of iceblast (2) for 100 gold pieces
 13827 | D:11     | Bought a scroll of teleportation for 75 gold pieces
 13827 | D:11     | Bought a scroll of identify for 50 gold pieces
 14372 | Lair:1   | Entered Level 1 of the Lair of Beasts
 14460 | Lair:1   | Noticed Gastronok
 14472 | Lair:1   | Killed Gastronok
 14473 | Lair:1   | Reached XP level 12. HP: 67/96 MP: 22/22
 14571 | Lair:1   | Reached skill level 9 in Invocations
 14720 | Lair:1   | Noticed an eight-headed hydra
 14734 | Lair:1   | Killed an eight-headed hydra
 15049 | Lair:1   | Noticed a six-headed hydra
 15056 | Lair:1   | Killed a six-headed hydra
 15311 | Lair:2   | Noticed an eight-headed hydra
 15375 | Lair:2   | Found a transporter.
 15393 | Lair:2   | Found a transporter.
 15394 | Lair:2   | Found a one-way gate to the infinite horrors of the Abyss.
 15394 | Lair:2   | Noticed HarryKnackers's ghost (journeyman MiBe)
 15396 | Lair:2   | Noticed a wretched star
 15506 | Lair:2   | Found a staircase to the Snake Pit.
 15665 | Lair:2   | Killed an eight-headed hydra
 15716 | Lair:2   | Reached skill level 10 in Fighting
 15871 | Lair:2   | Learned a level 1 spell: Animate Skeleton
 15875 | Lair:2   | Learned a level 3 spell: Conjure Flame
 16555 | Lair:3   | Found a staircase to the Shoals.
 16574 | Lair:3   | Noticed a boulder beetle
 16597 | Lair:3   | Killed a boulder beetle
 16644 | Lair:3   | Reached ****** piety under Lugonu
 16725 | Lair:3   | Reached XP level 13. HP: 92/103 MP: 24/24
 17283 | Lair:3   | Reached skill level 10 in Invocations
 17436 | Lair:4   | Identified a +4 falchion of distortion (a +2 falchion
                  | corrupted by Lugonu)
 17436 | Lair:4   | Received a gift from Lugonu
 18262 | Lair:5   | Found a staircase to the Slime Pits.
 18266 | Lair:5   | Found a runed translucent door.
 18266 | Lair:5   | Found a shimmering altar of Xom.
 18266 | Lair:5   | Noticed murtidash's ghost (journeyman DjCA)
 18507 | Lair:6   | Entered Level 6 of the Lair of Beasts
 19094 | Lair:6   | Noticed a rockslime
 19095 | Lair:6   | Noticed a rockslime
 19095 | Lair:6   | Noticed an acid blob
 19097 | Lair:6   | Noticed a great orb of eyes
 19098 | Lair:6   | Noticed a rockslime
 19098 | Lair:6   | Noticed a rockslime
 19101 | Lair:6   | Noticed Urug
 19109 | Lair:6   | Banished Urug
 19644 | Lair:6   | Reached skill level 10 in Long Blades
 19644 | Lair:6   | Reached skill level 10 in Armour
 19647 | Lair:6   | Reached XP level 14. HP: 73/113 MP: 26/26
 20042 | Lair:6   | Corrupted Lair:6
 20042 | Lair:6   | Noticed a tentacled starspawn
 20042 | Lair:6   | Noticed a brown very ugly thing
 20042 | Lair:6   | Noticed an ancient lich
 20056 | Lair:6   | Killed a rockslime
 20071 | Lair:6   | Killed a rockslime
 20078 | Lair:6   | Killed a dire elephant
 20534 | Lair:6   | Noticed a rockslime
 20792 | D:4      | Bought the +3 hat of Pondering {ponderous, Will+ MP+10
                  | Int+5} for 647 gold pieces
 20792 | D:4      | Found the +3 hat of Pondering {ponderous, Will+ MP+10
                  | Int+5}
 20949 | D:4      | Learned a level 1 spell: Apportation
 20952 | D:4      | Learned a level 2 spell: Poisonous Vapours
 20956 | D:4      | Learned a level 3 spell: Mephitic Cloud
 21099 | D:11     | Bought a scroll of enchant armour for 187 gold pieces
 21162 | Orc:1    | Entered Level 1 of the Orcish Mines
 21242 | Orc:1    | Noticed Riale's ghost (adept MiFE)
 21243 | Orc:1    | Found a transporter.
 21256 | Orc:1    | Found a transporter.
 21884 | Orc:2    | Entered Level 2 of the Orcish Mines
 21945 | Orc:2    | Noticed Sonja
 21949 | Orc:2    | Noticed Saint Roka
 22350 | Orc:2    | Noticed Jorgrun
 22364 | Orc:2    | Killed Jorgrun
 22434 | Orc:2    | Found a staircase to the Elven Halls.
 22589 | Orc:2    | Corrupted Orc:2
 22589 | Orc:2    | Noticed a starcursed mass
 22589 | Orc:2    | Noticed a tentacled starspawn
 22589 | Orc:2    | Noticed a profane servitor
 22589 | Orc:2    | Noticed a bone dragon
 22589 | Orc:2    | Noticed a lich
 22589 | Orc:2    | Noticed a tentacled monstrosity
 22592 | Orc:2    | Reached skill level 11 in Invocations
 22592 | Orc:2    | Killed Sonja
 22594 | Orc:2    | Killed Saint Roka
 22604 | Orc:2    | Noticed Donald
 22605 | Orc:2    | Killed Donald
 23586 | Orc:2    | Found Ireicy's Assorted Antiques.
 23588 | Orc:2    | Found Teacloas's Assorted Antiques.
 23649 | Orc:2    | Found Fuetzevi's General Store.
 23659 | Orc:2    | Found Ciugan's Jewellery Boutique.
 23680 | Orc:2    | Bought a glowing chain mail for 232 gold pieces
 23704 | Orc:2    | Bought a potion of might for 124 gold pieces
 23704 | Orc:2    | Bought a potion of haste for 310 gold pieces
 23714 | Orc:2    | Bought a scroll of enchant armour for 232 gold pieces
 24497 | D:3      | Killed SkeletonJelly's ghost
 24646 | D:9      | Corrupted D:9
 24646 | D:9      | Noticed a starcursed mass
 24646 | D:9      | Noticed a starcursed mass
 24647 | D:9      | Noticed a shadow dragon
 24757 | D:9      | Found a runed translucent gate.
 24757 | D:9      | Found a runed translucent gate.
 24764 | D:9      | Reached XP level 15. HP: 119/119 MP: 28/28
 24770 | D:9      | Noticed lessens's ghost (novice OpCK)
 24772 | D:9      | Found a runed translucent gate.
 24903 | D:12     | Reached skill level 10 in Dodging
 25937 | D:12     | Found a glowing silver altar of Zin.
 26293 | D:13     | Found a gate to the Vaults.
 26294 | D:13     | Corrupted D:13
 26294 | D:13     | Noticed a bone dragon
 26294 | D:13     | Noticed a tentacled starspawn
 26295 | D:13     | Noticed an Executioner
 26297 | D:13     | Noticed a tentacled starspawn
 26311 | D:13     | Noticed a lich
 26340 | D:13     | Found a gate leading to a gauntlet.
 26399 | D:13     | Noticed Erolcha
 26723 | D:13     | Learned a level 3 spell: Call Canine Familiar
 26767 | D:13     | Killed Erolcha
 27042 | D:14     | Reached skill level 10 in Short Blades
 27042 | D:14     | Reached skill level 10 in Axes
 27042 | D:14     | Reached skill level 10 in Maces & Flails
 27042 | D:14     | Reached skill level 10 in Polearms
 27042 | D:14     | Reached skill level 10 in Staves
 27042 | D:14     | Reached skill level 10 in Slings
 27042 | D:14     | Reached skill level 10 in Bows
 27042 | D:14     | Reached skill level 10 in Crossbows
 27042 | D:14     | Reached skill level 10 in Throwing
 27042 | D:14     | Reached skill level 10 in Stealth
 27042 | D:14     | Reached skill level 10 in Shields
 27042 | D:14     | Reached skill level 10 in Unarmed Combat
 27042 | D:14     | Reached skill level 10 in Spellcasting
 27042 | D:14     | Reached skill level 10 in Evocations
 27359 | D:14     | Reached XP level 16. HP: 108/127 MP: 30/30
 27643 | D:14     | Noticed Roxanne
 28141 | D:14     | Found a runed translucent door.
 28142 | D:14     | Noticed Harvester's ghost (journeyman VSFi)
 28174 | D:14     | Reached skill level 12 in Invocations
 28194 | D:15     | Entered Level 15 of the Dungeon
 29062 | D:15     | Found a staircase to the Depths.
 29500 | Snake:1  | Entered Level 1 of the Snake Pit
 30461 | Snake:1  | Noticed Aizul
 30475 | Snake:1  | Killed Aizul
 30801 | Snake:1  | Found Xipug's Armour Shop.
 30801 | Snake:1  | Found Kuxteopn's Magic Scroll Shop.
 30805 | Snake:1  | Found Yqovod's Assorted Antiques.
 30805 | Snake:1  | Found Viheyw's General Store.
 30806 | Snake:1  | Found Iferoox's Jewellery Shop.
 30831 | Snake:1  | Bought a scroll of magic mapping for 42 gold pieces
 30833 | Snake:1  | Bought a +0 fustibalus for 180 gold pieces
 30841 | Snake:1  | Bought a scroll of enchant weapon for 90 gold pieces
 30847 | Snake:1  | Bought a small bronze ring for 165 gold pieces
 31709 | Snake:2  | Got the Papyrus of the Glacier and the Voyage
 32378 | Snake:2  | Reached XP level 17. HP: 117/135 MP: 30/32
 33420 | Snake:2  | Found a runed translucent door.
 33420 | Snake:2  | Noticed Pin's ghost (adept HOFi)
 33761 | Snake:3  | Found a glowing silver altar of Zin.
 33942 | Snake:3  | Reached skill level 13 in Invocations
 36469 | Snake:4  | Entered Level 4 of the Snake Pit
 37659 | Snake:4  | Corrupted Snake:4
 37659 | Snake:4  | Noticed a tentacled starspawn
 37659 | Snake:4  | Noticed a tentacled starspawn
 37717 | Snake:4  | Killed Nikola
 38618 | Snake:4  | Noticed Vashnia
 38645 | Snake:4  | Banished Vashnia
 39542 | Snake:4  | Got a serpentine rune of Zot
 39713 | Snake:1  | Bought a scroll of fear for 49 gold pieces
 39713 | Snake:1  | Bought a scroll of fog for 28 gold pieces
 39713 | Snake:1  | Bought a scroll of teleportation for 42 gold pieces
 39726 | Snake:1  | Bought a potion of curing for 99 gold pieces
 39825 | Shoals:1 | Entered Level 1 of the Shoals
 40072 | Shoals:1 | Learned a level 4 spell: Olgreb's Toxic Radiance
 40220 | Shoals:1 | Reached XP level 18. HP: 130/143 MP: 33/33
 40225 | Shoals:1 | Reached skill level 10 in Conjurations
 40225 | Shoals:1 | Reached skill level 10 in Hexes
 40225 | Shoals:1 | Reached skill level 10 in Summonings
 40225 | Shoals:1 | Reached skill level 10 in Necromancy
 40225 | Shoals:1 | Reached skill level 10 in Translocations
 40225 | Shoals:1 | Reached skill level 10 in Transmutations
 40225 | Shoals:1 | Reached skill level 10 in Fire Magic
 40225 | Shoals:1 | Reached skill level 10 in Ice Magic
 40225 | Shoals:1 | Reached skill level 10 in Air Magic
 40225 | Shoals:1 | Reached skill level 10 in Earth Magic
 40225 | Shoals:1 | Reached skill level 10 in Poison Magic
 40675 | Shoals:1 | Noticed Josephine
 40678 | Shoals:1 | Killed Josephine
 42166 | Shoals:2 | Found Fuangiag's Book Shoppe.
 42166 | Shoals:2 | Found Visypp's Assorted Antiques.
 42183 | Shoals:2 | Bought a potion of heal wounds for 90 gold pieces
 42183 | Shoals:2 | Bought a wand of iceblast (5) for 72 gold pieces
 42183 | Shoals:2 | Bought a potion of curing for 54 gold pieces
 42183 | Shoals:2 | Bought a scroll of teleportation for 54 gold pieces
 42978 | Shoals:2 | Found Justrec Osu's Assorted Antiques.
 42983 | Shoals:2 | Found Goepn's Antique Weapon Shop.
 43093 | Shoals:3 | Found a runed translucent gate.
 43093 | Shoals:3 | Found a runed translucent gate.
 43093 | Shoals:3 | Found a runed translucent gate.
 43517 | Shoals:3 | Noticed Liluoff's ghost (journeyman DsIE)
 44253 | Shoals:3 | Reached skill level 14 in Invocations
 45207 | Shoals:4 | Entered Level 4 of the Shoals
 45537 | Shoals:4 | Corrupted Shoals:4
 46487 | Shoals:4 | Got the Almanac of Blistering Companions
 46647 | Shoals:4 | Got a barnacled rune of Zot
 47158 | Vaults:1 | Entered Level 1 of the Vaults
 47306 | D:13     | Reached XP level 19. HP: 116/152 MP: 35/35
 47534 | Vaults:1 | Learned a level 3 spell: Frozen Ramparts
 47539 | Vaults:1 | Learned a level 4 spell: Cause Fear
 47544 | Vaults:1 | Learned a level 4 spell: Passage of Golubria
 47636 | Vaults:1 | Found Dyiseh's Magic Scroll Emporium.
 49302 | Vaults:1 | Corrupted Vaults:1
 52249 | Vaults:2 | Corrupted Vaults:2
 52249 | Vaults:2 | Noticed a bone dragon
 54729 | Vaults:3 | Reached skill level 15 in Invocations
 55204 | Vaults:3 | Reached XP level 20. HP: 159/160 MP: 34/37
 56367 | Vaults:3 | Found a staircase to the Crypt.
 56464 | Vaults:3 | Found a huge runed gate.
 56464 | Vaults:3 | Found a huge runed gate.
 56464 | Vaults:3 | Found a huge runed gate.
 56466 | Vaults:3 | Found a huge runed gate.
 56466 | Vaults:3 | Found a huge runed gate.
 56467 | Vaults:3 | Found a huge runed gate.
 56468 | Vaults:3 | Found a huge runed gate.
 56468 | Vaults:3 | Found a huge runed gate.
 56468 | Vaults:3 | Found a huge runed gate.
 56468 | Vaults:3 | Found a huge runed gate.
 56468 | Vaults:3 | Found a huge runed gate.
 56869 | Snake:1  | Bought the -2 hat of the Alchemist {rElec rPois rF+ rC+ rN+
                  | Will+ rMut rCorr} for 613 gold pieces
 56869 | Snake:1  | Found the -2 hat of the Alchemist {rElec rPois rF+ rC+ rN+
                  | Will+ rMut rCorr}
 57903 | Vaults:3 | Found a huge runed gate.
 57904 | Vaults:3 | Found a huge runed gate.
 57905 | Vaults:3 | Found a huge runed gate.
 57906 | Vaults:3 | Found a huge runed gate.
 57907 | Vaults:3 | Found a huge runed gate.
 57915 | Vaults:3 | Found a huge runed gate.
 57915 | Vaults:3 | Found a huge runed gate.
 57915 | Vaults:3 | Found a huge runed gate.
 57915 | Vaults:3 | Found a huge runed gate.
 57915 | Vaults:3 | Found a huge runed gate.
 57915 | Vaults:3 | Found a huge runed gate.
 57916 | Vaults:3 | Found a huge runed gate.
 58044 | Vaults:3 | Found a huge runed gate.
 58045 | Vaults:3 | Found a huge runed gate.
 58054 | Vaults:3 | Found a huge runed gate.
 58054 | Vaults:3 | Found a huge runed gate.
 58054 | Vaults:3 | Found a huge runed gate.
 58054 | Vaults:3 | Found a huge runed gate.
 58054 | Vaults:3 | Found a huge runed gate.
 58054 | Vaults:3 | Found a huge runed gate.
 58055 | Vaults:3 | Found a huge runed gate.
 58056 | Vaults:3 | Found a huge runed gate.
 58208 | Vaults:3 | Found a huge runed gate.
 58209 | Vaults:3 | Found a huge runed gate.
 58210 | Vaults:3 | Found a huge runed gate.
 58335 | Vaults:3 | Noticed a hellephant
 58336 | Vaults:3 | Corrupted Vaults:3
 58347 | Vaults:3 | Killed a hellephant
 58365 | Vaults:3 | Killed a hellephant
 59730 | Vaults:4 | Got the Catalogue of Summoning
 59751 | Vaults:4 | Learned a level 4 spell: Summon Lightning Spire
 60513 | Vaults:4 | Reached skill level 15 in Fighting
 61086 | Vaults:4 | Corrupted Vaults:4
 62198 | Vaults:4 | Got Sif Muna's Grimoire of Flames
 62696 | Vaults:4 | Identified the +8 shortbow of Xom's Whim {speed, rElec
                  | rPois Str+2}
 62697 | Vaults:4 | Got the Guide on Stones
 64489 | Elf:1    | Entered Level 1 of the Elven Halls
 65528 | Elf:1    | Got the Tome of Calling
 65903 | Elf:1    | Reached XP level 21. HP: 134/168 MP: 24/38
 66209 | Elf:1    | Found Qufani's Antique Weapon Boutique.
 67213 | Lair:2   | Killed HarryKnackers's ghost
 67234 | Lair:2   | Paralysed by a hornet for 2 turns
 67606 | Snake:1  | Bought 3 scrolls of teleportation for 108 gold pieces
 67815 | Elf:2    | Found Jokay's Armour Emporium.
 67829 | Elf:2    | Learned a level 3 spell: Swiftness
 67835 | Elf:2    | Learned a level 5 spell: Summon Forest
 67841 | Elf:2    | Learned a level 5 spell: Borgnjor's Vile Clutch
 70407 | Elf:2    | Found a runed translucent door.
 70433 | Elf:2    | Found a runed translucent door.
 70779 | Elf:3    | Entered Level 3 of the Elven Halls
 70803 | Elf:3    | Found a portal to a secret trove of treasure.
 71137 | Elf:3    | Reached skill level 16 in Invocations
 71169 | Elf:3    | Found a shimmering blue altar of Sif Muna.
 72589 | Elf:3    | Corrupted Elf:3
 72589 | Elf:3    | Noticed a bone dragon
 72589 | Elf:3    | Noticed a bone dragon
 72995 | Elf:3    | Identified the amulet of Ragebrom {Spirit Will+}
 73002 | Elf:3    | Found the +3 pair of seven-league boots {Rampage+∞}
 73007 | Elf:3    | Identified the ring "Bodacwua" {Wiz Will+}
 73029 | Elf:3    | Got the Handbook of Freezing Orientation
 73064 | Elf:3    | Identified the amulet "Nihesaeps" {RegenMP Str+3}
 73584 | Shoals:2 | Bought a scroll of enchant weapon for 135 gold pieces
 73608 | Shoals:2 | Bought a scroll of enchant weapon for 277 gold pieces
 73611 | Shoals:2 | Bought a wand of iceblast (3) for 148 gold pieces
 73788 | Orc:2    | Bought the ring "Doyneplu" {AC+4 Str+3} for 739 gold pieces
 74005 | Depths:1 | Entered Level 1 of the Depths
 74318 | Depths:1 | Reached skill level 15 in Long Blades
 74318 | Depths:1 | Reached skill level 15 in Armour
 74378 | Depths:1 | Learned a level 2 spell: Sublimation of Blood
 74612 | Depths:1 | Found a one-way gate leading to the halls of Pandemonium.
 74792 | Depths:1 | Found Waha's Neck Hole.
 74819 | Depths:1 | Found a flickering gateway to a bazaar.
 74836 | Depths:1 | Found Zoadadgh's Armour Emporium.
 74836 | Depths:1 | Found Dolipack's Weapon Shoppe.
 74837 | Depths:1 | Found Tima's Book Shoppe.
 74839 | Depths:1 | Found Qocoj's Book Emporium.
 74841 | Depths:1 | Upgraded the game from 0.29-a0-40-g8eb35efe60 to
                  | 0.29-a0-72-g1732ff48e7
 74860 | Depths:1 | Learned a level 5 spell: Summon Mana Viper
 75202 | Depths:1 | Found a gateway to Hell.
 76672 | Depths:2 | Gained mutation: You are occasionally teleported next to
                  | monsters. [a neqoxec]
 77220 | Depths:2 | Found a one-way gateway to a ziggurat.
 78182 | Depths:3 | Reached XP level 22. HP: 148/177 MP: 30/40
 79036 | Depths:3 | Corrupted Depths:3
 79360 | Depths:3 | Reached skill level 15 in Dodging
 79753 | Depths:3 | Identified the ring of Uwosauta {rElec EV+4 Str+4}
 80132 | Depths:3 | Found a sparkling altar of Nemelex Xobeh.
 80454 | Depths:4 | Entered Level 4 of the Depths
 80713 | Depths:4 | Corrupted Depths:4
 81219 | Depths:4 | Noticed a golden dragon
 81246 | Depths:4 | Killed a golden dragon
 82003 | Depths:4 | Reached skill level 15 in Short Blades
 82003 | Depths:4 | Reached skill level 15 in Axes
 82003 | Depths:4 | Reached skill level 15 in Maces & Flails
 82003 | Depths:4 | Reached skill level 15 in Polearms
 82003 | Depths:4 | Reached skill level 15 in Staves
 82003 | Depths:4 | Reached skill level 15 in Slings
 82003 | Depths:4 | Reached skill level 15 in Bows
 82003 | Depths:4 | Reached skill level 15 in Crossbows
 82003 | Depths:4 | Reached skill level 15 in Throwing
 82003 | Depths:4 | Reached skill level 15 in Stealth
 82003 | Depths:4 | Reached skill level 15 in Shields
 82003 | Depths:4 | Reached skill level 15 in Unarmed Combat
 82003 | Depths:4 | Reached skill level 15 in Spellcasting
 82003 | Depths:4 | Reached skill level 15 in Evocations
 82859 | Depths:4 | Found a runed translucent door.
 82977 | Depths:4 | Found a gate to the Realm of Zot.
 83158 | Depths:4 | Identified the +2 robe of Xijuh {Rampage Dex+2 SInv}
 83828 | D:9      | Killed lessens's ghost
 84472 | D:9      | Lost mutation: You are occasionally teleported next to
                  | monsters. [potion of mutation]
 84708 | Crypt:1  | Entered Level 1 of the Crypt
 84767 | Crypt:1  | HP: 6/176 [ancient champion/iron shot (49)]
 85517 | Crypt:1  | Corrupted Crypt:1
 85983 | Crypt:1  | Reached skill level 17 in Invocations
 88011 | Crypt:2  | Reached XP level 23. HP: 185/185 MP: 37/42
 90607 | Crypt:3  | Entered Level 3 of the Crypt
 92470 | Crypt:3  | Identified the +5 lajatang of Dawn {vamp, rF++}
 92492 | Crypt:3  | Corrupted Crypt:3
 92514 | Crypt:3  | Identified the +1 hunting sling of Fixation {freeze, rElec
                  | rF+ Dex-2 Stlth+}
 92514 | Crypt:3  | Identified the amulet "Ohexke" {Regen+ Str+5 Slay-2}
 92547 | Crypt:3  | Killed a dread lich
 92694 | Crypt:3  | Noticed a curse toe
 92731 | Crypt:3  | Killed a curse toe
 93594 | Crypt:3  | Identified the ring of Ascent {Fly rN+ Dex+10 Slay+3
                  | Stlth-}
 93616 | Crypt:3  | Identified the ring of the Princess {rPois rN+ Int+7
                  | Stlth-}
 93616 | Crypt:3  | Identified the ring of the Monkey {*Corrode rN+ Dex+4
                  | Stlth+}
 94682 | Crypt:3  | Found a staircase to the Tomb.
 95101 | Depths:1 | Bought the +2 cloak of Iczer {rF+} for 541 gold pieces
 95611 | Snake:1  | Bought a potion of cancellation for 264 gold pieces
 96102 | Vaults:5 | Entered Level 5 of the Vaults
 96102 | Vaults:5 | Noticed Margery
 96124 | Vaults:5 | Killed Margery
 96951 | Vaults:5 | Noticed a golden dragon
 96968 | Vaults:5 | Killed a golden dragon
 97977 | Vaults:5 | Reached XP level 24. HP: 172/194 MP: 20/42
 98356 | Vaults:5 | Identified the +5 arbalest "Feadiz" {penet, rC+}
 98526 | Vaults:5 | Identified the +7 ring mail of the Hanged Man {rN+}
 99415 | Vaults:5 | Reached skill level 18 in Invocations
 99460 | Vaults:5 | Noticed an ancient lich
 99486 | Vaults:5 | Killed an ancient lich
100149 | Vaults:5 | Identified the +1 great sword of Paper {spect, Will+}
101138 | Vaults:5 | Noticed a dread lich
101159 | Vaults:5 | Killed a dread lich
101433 | Vaults:5 | Identified the +0 chain mail of Resourcefulness {Dex+5}
101440 | Vaults:5 | Got a silver rune of Zot
102155 | Vaults:5 | Learned a level 4 spell: Animate Dead
102159 | Vaults:5 | Learned a level 2 spell: Passwall
102555 | Zot:1    | Entered Level 1 of the Realm of Zot
105393 | Zot:1    | Reached XP level 25. HP: 87/203 MP: 28/43
111021 | Zot:3    | Noticed an orb of fire
111030 | Zot:3    | Gained mutation: You occasionally shout uncontrollably at
                  | your foes. [an orb of fire]
111038 | Zot:3    | Gained mutation: You frequently scream uncontrollably at
                  | your foes. [an orb of fire]
111052 | Zot:3    | Gained mutation: You expend magic power (3 MP) to
                  | strengthen your wands. [an orb of fire]
111055 | Zot:3    | Killed an orb of fire
111095 | Zot:3    | Noticed a Killer Klown
111346 | Zot:3    | Noticed an orb of fire
111349 | Zot:3    | Corrupted Zot:3
111374 | Zot:3    | Killed an orb of fire
112323 | Zot:3    | Reached skill level 19 in Invocations
112960 | Shoals:3 | Corrupted Shoals:3
112968 | Shoals:3 | Killed Liluoff's ghost
113088 | Shoals:3 | Identified the ring of Cimulo {Fly rCorr Int-4 Slay+4 SInv}
113374 | Depths:1 | Bought a book of Iron for 720 gold pieces
113380 | Depths:1 | Learned a level 4 spell: Animate Armour
114211 | Zot:4    | Noticed a Killer Klown
114716 | Zot:4    | Noticed an orb of fire
114748 | Zot:3    | Killed an orb of fire
116244 | Zot:4    | Reached XP level 26. HP: 194/206 MP: 33/44
116466 | Zot:4    | Killed a Killer Klown
117049 | Zot:5    | Entered Level 5 of the Realm of Zot
118839 | Zot:5    | Noticed an orb of fire
118843 | Zot:5    | Corrupted Zot:5
118870 | Zot:5    | Killed an orb of fire
118870 | Zot:5    | Gained mutation: Armour fits poorly on your strangely
                  | shaped body. [mutagenic glow]
118879 | Zot:5    | Killed an orb of fire
118880 | Zot:5    | Gained mutation: You are dopey. (Int -2) [mutagenic glow]
118889 | Zot:4    | Gained mutation: You do not regenerate when monsters are
                  | visible. [mutagenic glow]
119650 | Zot:5    | Noticed an orb of fire
119683 | Zot:5    | Killed an orb of fire
119948 | Zot:5    | Noticed a Killer Klown
119951 | Zot:5    | Noticed an ancient lich
119951 | Zot:5    | Noticed an orb of fire
120398 | Zot:5    | Lost mutation: Armour fits poorly on your strangely shaped
                  | body. [an orb of fire]
120403 | Zot:5    | Killed an orb of fire
120508 | Zot:5    | Killed a Killer Klown
120761 | Zot:5    | Noticed an orb of fire
120805 | Zot:5    | Killed an orb of fire
120947 | Zot:5    | Killed an ancient lich
121254 | Zot:5    | Noticed a Killer Klown
121286 | Zot:5    | Killed a Killer Klown
121596 | Zot:5    | Noticed an orb of fire
121607 | Zot:5    | Gained mutation: You are clumsy. (Dex -2) [an orb of fire]
121609 | Zot:5    | Noticed an orb of fire
121609 | Zot:5    | Noticed an orb of fire
121621 | Zot:5    | Noticed an orb of fire
121692 | Zot:5    | Gained mutation: You passively map a small area around you.
                  | [an orb of fire]
121697 | Zot:5    | Gained mutation: You sometimes lose the ability to read
                  | scrolls when taking damage. [an orb of fire]
121705 | Zot:5    | Noticed an orb of fire
121715 | Zot:5    | HP: 9/213 [electric golem/bolt of lightning (3)]
121725 | Zot:5    | Noticed an orb of fire
121728 | Zot:5    | HP: 4/213 [storm dragon/bolt of lightning (8)]
121728 | Zot:5    | Mangled by a reaper

Illustrated notes

Levels and vault maps discovered:
D:1:      co_arrival_square_in_a_square_in_a_square, layout_loops_corners,
          serial_forest, infiniplex_forest_clump_small,
          infiniplex_forest_lined_3, infiniplex_forest_lined_ring,
          infiniplex_forest_pool, infiniplex_forest_clump_small,
          infiniplex_forest_clump_long
D:2:      layout_loops_ring, nicolae_concentric_dashed_squares_mild,
          minmay_misc_feat_chi
D:3:      layout_loops_ring, hellmonk_ecumenical_altar_watching_god,
          ebering_ghost_disaster_area, dk_vineyard_3, moated_statue,
          uniq_terence
D:4:      layout_basic, serial_shops, nicolae_shop_statue_plus, glass_columns_a
D:5:      layout_cave_pods, chequers_decorated_corner
D:6:      cheibrodos_thug_alley, layout_gridville,
          mainiacjoe_overflow_cross_hatched
D:7:      layout_basic, minmay_temple_entry_waves, serial_bayou_pond_b,
          hex_large, kennysheep_boxes
D:8:      layout_basic, dpeg_lair_monsters, serial_glass, glass_columns_c,
          glass_columns_a, special_room [special_room_orc], serial_shops,
          nicolae_shop_bloodbath_and_beyond, nicolae_lava_and_water, uniq_grum
D:9:      layout_grid_maze, orc_0_dummy,
          ploomutoo_gammafunk_ghost_potion_laboratory, uniq_erica
D:10:     layout_roguey, gammafunk_ghost_wrathful_warriors
D:11:     due_megacathedral, layout_long_grid, serial_shops, shop,
          hangedman_decor_growths
D:12:     layout_rooms, zin_treasury
D:13:     layout_cave_pools, erik_vaults_2, gauntlet_entry_generic, uniq_erolcha
D:14:     layout_roguey, ebering_ghost_inner_flame, hangedman_glass_teeth,
          uniq_roxanne
D:15:     hangedman_depths_entry_try_elsewhere_first, layout_rooms,
          grunt_decor_junction
Lair:1:   layout_loops_ring, uniq_gastronok
Lair:2:   layout_misc_corridors, minmay_snake_entry_guardpost_medium,
          gammafunk_ghost_abyssal_escape, serial_bayou_shore_a
Lair:3:   layout_gridlike, shoals_dummy_entry
Lair:4:   layout_big_grid
Lair:5:   layout_big_grid, slime_dummy, ebering_ghost_xom, lookout_lair_type
Lair:6:   hangedman_lair_caniforms_friends, layout_cave_pods, special_room
          [special_room_jelly], kennysheep_rathole, infiniplex_staircase_pool,
          uniq_urug
Shoals:1: layout_shoals, uniq_josephine
Shoals:2: layout_shoals, serial_shops, nicolae_shop_crystal,
          nicolae_shop_statue_plus, shop, shop_fountains
Shoals:3: layout_shoals, gammafunk_ghost_split, nicolae_shoals_wave_tunnel
Shoals:4: shoals_end_simple, layout_shoals, nicolae_shoals_seven_spires
Snake:1:  layout_layer_cave, nicolae_snake_serpentine_bazaar,
          grunt_megastairs_1, uniq_aizul
Snake:2:  layout_concentric_octagons, gammafunk_ghost_grave, grunt_megastairs_3
Snake:3:  layout_onion, basic_altar, nrook_loot_triangle, grunt_ministairs_15,
          drop_trap, nicolae_snake_lava_pool
Snake:4:  johnstein_snake_rune_scales, layout_misc_corridors, uniq_nikola
Orc:1:    layout_diamond_mine, gammafunk_ghost_stat_death
Orc:2:    st_orc_elflike, layout_caves, portal_ice_cave_entry_pillars_1,
          uniq_saint_roka, uniq_jorgrun, uniq_sonja, uniq_donald
Elf:1:    layout_loops_cross, serial_shops, shop, minmay_elf_demonology,
          nicolae_elf_big_sculpture_2
Elf:2:    elven_hall_of_blades_hangedman_original
          [nicolae_blade_entry_splitting_headache], layout_loops_cross,
          serial_shops, shop
Elf:3:    elf_hall, layout_geoelf_castle, basic_altar, enter_trove_3,
          serial_sigils_hangedman_confine
Vaults:1: vaults_room_semicircle, v_misc_5, nicolae_vaults_hallways_thing,
          nicolae_vaults_network_barrier, v_misc_15, v_misc_32,
          ontoclasm_vaults_pinch, nicolae_vaults_bisected_exclaves,
          nicolae_vaults_angled_halls, v_pattern_4, vaults_room_door_hall,
          v_misc_16, v_misc_24, layout_vaults_big_cross, serial_shops,
          nicolae_shop_crystal
Vaults:2: infiniplex_enter_wizlab_glasses, st_lattice, v_misc_13,
          grunt_vaults_bifocal, vaults_room_door_ring, grunt_vaults_funnel,
          v_pattern_5, v_alt_pattern_6, nicolae_vaults_little_squares_4,
          hangedman_vaults_maws, vaults_room_pool, hangedman_vaults_impose,
          nicolae_vaults_three_branches, layout_vaults_omnibox
Vaults:3: ontoclasm_vaults_ring_square, not_door_vault_due,
          minmay_crypt_entry_simple_corners, v_misc_19, vaults_room_pools,
          hangedman_vaults_locks, vaults_room_stairs_pillars,
          hangedman_vaults_capsules, layout_vaults_ring
Vaults:4: v_misc_24, hangedman_vaults_stagger,
          vaults_standard_mumra_enter_the_diamond,
          nicolae_vaults_windows_and_doors_thing, vaults_dpeg_diagonal,
          nicolae_vaults_network_s, hangedman_vaults_stretched_pinwheel,
          nicolae_vaults_little_squares_2, hangedman_vaults_restitches,
          layout_vaults_omnigrid, serial_hangedman_research,
          hangedman_research_convocations, hangedman_research_geology,
          hangedman_research_pyrotechnics
Vaults:5: uniq_margery
Crypt:1:  layout_misc_corridors, grunt_crypt_arrival_split
Crypt:2:  layout_regular_city
Crypt:3:  due_elkab, layout_chaotic_city, tomb_entry_shell_bobbens
Depths:1: layout_gridville, rand_demon_pan_entry_8, hell_entry, serial_shops,
          bzr_entry_water, grunt_decor_mini_mirrors,
          nicolae_shop_sticking_my_neck_out, minmay_shoptagon
Depths:2: nicolae_cairo_tiling, layout_cross, enter_ziggurat_f, hell_entry,
          serial_rivers, chequers_serial_rivers_marsh,
          chequers_serial_rivers_small_3, chequers_serial_rivers_micro_a,
          chequers_serial_rivers_micro_c, rand_demon_pan_entry_9,
          infiniplex_staircase_zigzag_2
Depths:3: nicolae_terramorphic_expanse [nicolae_terramorphic_quarter,
          nicolae_terramorphic_quarter, nicolae_terramorphic_quarter,
          nicolae_terramorphic_quarter, nicolae_terramorphic_quarter,
          nicolae_terramorphic_biome, nicolae_terramorphic_biome,
          nicolae_terramorphic_biome, nicolae_terramorphic_biome],
          layout_cave_pools, old_standard_altar, grunt_mini_vestibule,
          abyss_entry, grunt_ministairs_8, chequers_serial_rivers_large_a
Depths:4: grunt_twist_and_shout, layout_gridville, hangedman_abyss_entry_splay,
          abandoned_shop, pf_hell_entry_tar_spiral, lightli_giant_bouncers
Zot:1:    layout_basic, hangedman_hellfire_club, grunt_megastairs_2
Zot:2:    layout_misc_corridors
Zot:3:    grunt_deathspiral_small, layout_concentric_octagons
Zot:4:    layout_gridlike, grunt_megastairs_4
Zot:5:    layout_misc_corridors

Skill      XL: |  1  2  3  4  5  6  7  8  9 10 11 12 13 14 15 16 17 18 19 20 21 22 23 24 25 26 |
---------------+-------------------------------------------------------------------------------+-----
Short Blades   | 1 2 3 5 6 7 8 9 10 11 12 13 14 15 16 17 | 17.5
Axes           | 1 2 3 5 6 7 8 9 10 11 12 13 14 15 16 17 | 17.5
Maces & Flails | 1 2 3 5 6 7 8 9 10 11 12 13 14 15 16 17 | 17.5
Polearms       | 1 2 3 5 6 7 8 9 10 11 12 13 14 15 16 17 | 17.5
Staves         | 1 2 3 5 6 7 8 9 10 11 12 13 14 15 16 17 | 17.5
Slings         | 1 2 3 5 6 7 8 9 10 11 12 13 14 15 16 17 | 17.5
Bows           | 1 2 3 5 6 7 8 9 10 11 12 13 14 15 16 17 | 17.5
Crossbows      | 1 2 3 5 6 7 8 9 10 11 12 13 14 15 16 17 | 17.5
Throwing       | 1 2 3 5 6 7 8 9 10 11 12 13 14 15 16 17 | 17.5
Stealth        | 1 2 3 5 6 7 8 9 10 11 12 13 14 15 16 17 | 17.5
Shields        | 1 2 3 5 6 7 8 9 10 11 12 13 14 15 16 17 | 17.5
Unarmed Combat | 1 2 3 5 6 7 8 9 10 11 12 13 14 15 16 17 | 17.5
Spellcasting   | 1 2 3 5 6 7 8 9 10 11 12 13 14 15 16 17 | 17.5
Evocations     | 1 2 3 5 6 7 8 9 10 11 12 13 14 15 16 17 | 17.5
Conjurations   | 1 2 3 4 5 6 7 8 9 10 11 12 13 14 | 14.9
Hexes          | 1 2 3 4 5 6 7 8 9 10 11 12 13 14 | 14.9
Summonings     | 1 2 3 4 5 6 7 8 9 10 11 12 13 14 | 14.9
Necromancy     | 1 2 3 4 5 6 7 8 9 10 11 12 13 14 | 14.9
Translocations | 1 2 3 4 5 6 7 8 9 10 11 12 13 14 | 14.9
Transmutations | 1 2 3 4 5 6 7 8 9 10 11 12 13 14 | 14.9
Fire Magic     | 1 2 3 4 5 6 7 8 9 10 11 12 13 14 | 14.9
Ice Magic      | 1 2 3 4 5 6 7 8 9 10 11 12 13 14 | 14.9
Air Magic      | 1 2 3 4 5 6 7 8 9 10 11 12 13 14 | 14.9
Earth Magic    | 1 2 3 4 5 6 7 8 9 10 11 12 13 14 | 14.9
Poison Magic   | 1 2 3 4 5 6 7 8 9 10 11 12 13 14 | 14.9
Dodging        | 3 4 5 6 7 8 9 10 11 12 13 14 15 16 17 | 17.7
Invocations    | 5 6 7 8 9 10 11 12 13 14 15 16 17 18 19 | 19.5
Long Blades    | 5 6 7 8 9 10 11 12 13 14 15 16 17 18 | 18.1
Armour         | 5 6 7 8 9 10 11 12 13 14 15 16 17 18 | 18.1
Fighting       | 7 8 9 10 11 12 13 14 15 16 17 18 | 18.6

Action                   |  1- 3 |  4- 6 |  7- 9 | 10-12 | 13-15 | 16-18 | 19-21 | 22-24 | 25-27 || total
-------------------------+-------+-------+-------+-------+-------+-------+-------+-------+-------++-------
Melee: Falchion          |    91 |   160 |    34 |       |   168 |    10 |       |       |       ||   463
       Bite              |     5 |    20 |    18 |    39 |   105 |   103 |    74 |    77 |    32 ||   473
       Punch             |       |     6 |     1 |     8 |    20 |       |       |       |       ||    35
       Demon blade       |       |       |    95 |   435 |   518 |   757 |   486 |   190 |   209 ||  2690
       Scimitar          |       |       |       |       |       |     4 |       |   174 |       ||   178
       Fustibalus        |       |       |       |       |       |     2 |     1 |     1 |       ||     4
       Unarmed           |       |       |       |       |       |       |       |       |     6 ||     6
 Fire: Fustibalus        |       |       |       |       |       |   948 |  1425 |  1349 |   490 ||  4212
Throw: Dart              |       |     2 |    30 |    10 |   167 |    43 |       |       |       ||   252
       Stone             |       |     2 |     9 |     6 |    66 |    37 |       |       |       ||   120
       Boomerang         |       |       |    23 |   135 |    71 |       |       |       |       ||   229
       Javelin           |       |       |       |     2 |    13 |     2 |    19 |       |    29 ||    65
       Throwing net      |       |       |       |       |       |       |       |       |     5 ||     5
 Cast: Animate Skeleton  |       |       |       |       |    11 |    79 |    28 |       |       ||   118
       Call Canine Famil |       |       |       |       |     2 |    16 |     1 |       |       ||    19
       Olgreb's Toxic Ra |       |       |       |       |       |    59 |   194 |    45 |     4 ||   302
       Poisonous Vapours |       |       |       |       |       |     3 |       |       |       ||     3
       Apportation       |       |       |       |       |       |     1 |       |       |       ||     1
       Mephitic Cloud    |       |       |       |       |       |       |    69 |       |     2 ||    71
       Passage of Golubr |       |       |       |       |       |       |     9 |     2 |     3 ||    14
       Summon Lightning  |       |       |       |       |       |       |    74 |   112 |    53 ||   239
       Frozen Ramparts   |       |       |       |       |       |       |     2 |     5 |       ||     7
       Summon Forest     |       |       |       |       |       |       |    12 |    17 |    12 ||    41
       Borgnjor's Vile C |       |       |       |       |       |       |     2 |   241 |    94 ||   337
       Cause Fear        |       |       |       |       |       |       |     2 |     1 |     2 ||     5
       Summon Mana Viper |       |       |       |       |       |       |     1 |    16 |    51 ||    68
       Sublimation of Bl |       |       |       |       |       |       |       |     5 |       ||     5
       Animate Dead      |       |       |       |       |       |       |       |     4 |    13 ||    17
       Passwall          |       |       |       |       |       |       |       |     1 |       ||     1
       Animate Armour    |       |       |       |       |       |       |       |       |    28 ||    28
Invok: Banish            |       |       |       |     4 |    16 |    29 |     6 |       |     2 ||    57
       Brand Weapon With |       |       |       |       |     1 |       |       |       |       ||     1
       Corrupt           |       |       |       |       |     4 |     2 |     5 |     4 |     3 ||    18
       Bend Space        |       |       |       |       |       |       |       |     1 |       ||     1
Evoke: Wand              |       |       |    21 |    22 |    45 |    36 |    33 |    27 |    11 ||   195
       Phial of floods   |       |       |       |     1 |     3 |     8 |     9 |     8 |     4 ||    33
       Lightning rod     |       |       |       |       |    13 |    31 |    20 |    13 |    14 ||    91
       Tin of tremorston |       |       |       |       |     3 |    11 |    13 |    14 |    10 ||    51
       Phantom mirror    |       |       |       |       |       |       |     4 |     9 |     4 ||    17
       Condenser vane    |       |       |       |       |       |       |       |    10 |     8 ||    18
       Box of beasts     |       |       |       |       |       |       |       |     6 |     5 ||    11
  Use: Scroll            |       |     7 |    10 |     7 |    25 |    18 |    16 |    25 |    12 ||   120
       Potion            |       |     1 |     3 |       |     6 |     5 |       |    10 |    32 ||    57
 Stab: Distracted        |       |       |       |       |       |     3 |     2 |     5 |     2 ||    12
       Confused          |       |       |       |       |       |       |     1 |       |       ||     1
       Sleeping          |       |       |       |       |       |       |     2 |       |       ||     2
       Paralysed         |       |       |       |       |       |       |     1 |       |     2 ||     3
       Fleeing           |       |       |       |       |       |       |       |       |     1 ||     1
Armor: Leather armour    |     3 |       |       |       |       |       |       |       |       ||     3
       Ring mail         |    13 |     4 |       |       |       |       |       |       |       ||    17
       Chain mail        |       |    80 |    40 |       |   117 |   337 |   382 |    72 |       ||  1028
       Scale mail        |       |     9 |       |       |       |       |       |       |       ||     9
       Plate armour      |       |       |    24 |   356 |   228 |   212 |       |   282 |   309 ||  1411
       Skin              |       |       |       |       |       |       |       |       |     1 ||     1
Dodge: Dodged            |    56 |    93 |    60 |   256 |   297 |   630 |   431 |   269 |   246 ||  2338
       Repelled          |       |       |       |       |     4 |     3 |       |       |       ||     7
Block: Kite shield       |       |       |       |       |   139 |  1202 |   827 |   652 |   307 ||  3127
       Reflection        |       |       |       |       |       |   146 |    84 |    27 |       ||   257

Table legend: (Time is in decaauts)
 A = Elapsed time spent in this place.
 B = Non-inter-level travel time spent in this place.
 C = Inter-level travel time spent in this place.
 D = Time resting spent in this place.
 E = Time spent auto-exploring this place.
 F = Levels seen in this place.
 G = Mean time per level.
                   A        B        C        D        E       F      G
               +--------+--------+--------+--------+--------+-----+--------+
         Total | 122333 | 110359 |  11974 |  42938 |  44804 |  52 | 2352.6 |
       Dungeon |  23948 |  19654 |   4294 |   6389 |   9210 |  15 | 1596.5 |
          Lair |   7121 |   6223 |    898 |   1477 |   3149 |   6 | 1186.8 |
        Shoals |   8241 |   7616 |    625 |   1990 |   3595 |   4 | 2060.2 |
     Snake Pit |  10865 |   9989 |    876 |   2581 |   5155 |   4 | 2716.2 |
  Orcish Mines |   4475 |   3845 |    630 |   1824 |   1265 |   2 | 2237.5 |
   Elven Halls |   6873 |   6560 |    313 |   2607 |   2671 |   3 | 2291.0 |
        Vaults |  24510 |  22109 |   2401 |   9449 |   8285 |   5 | 4902.0 |
         Crypt |  10186 |   9790 |    396 |   4807 |   3276 |   3 | 3395.3 |
        Depths |  10318 |   9287 |   1031 |   3400 |   4123 |   4 | 2579.5 |
           Zot |  15781 |  15275 |    506 |   8408 |   4066 |   5 | 3156.2 |
         Abyss |     11 |     11 |      0 |      0 |      7 |   1 |   11.0 |
               +--------+--------+--------+--------+--------+-----+--------+

Top non-repeatable levels by time:
Vaults:5: 6065 daAuts
Vaults:3: 5210 daAuts
Vaults:4: 5080 daAuts
Vaults:1: 4996 daAuts
 Crypt:3: 4197 daAuts
   Zot:3: 4029 daAuts
   Zot:1: 3622 daAuts
   Zot:5: 3468 daAuts
 Snake:3: 3417 daAuts
   Zot:4: 3263 daAuts
Depths:4: 3263 daAuts
 Crypt:1: 3162 daAuts
Vaults:2: 3159 daAuts
 Crypt:2: 2826 daAuts
 Snake:4: 2666 daAuts
